 Dungeon Crawl Stone Soup version 0.19-a0-1291-gc8f5409 (webtiles) character file.

36 PurpleRed the Conjurer (level 3, -1/19 HPs)
             Began as a Deep Elf Conjurer on Aug 30, 2016.
             Was a Follower of Kikubaaqudgha.
             Slain by a rat (3 damage)
             ... on level 2 of the Dungeon.
             The game lasted 00:04:03 (348 turns).

PurpleRed the Conjurer (Deep Elf Conjurer)           Turns: 348, Time: 00:04:03

Health: -1/19      AC:  2    Str:  5    XL:     3   Next: 19%
Magic:  1/10       EV: 13    Int: 20    God:    Kikubaaqudgha [*.....]
Gold:   36         SH:  0    Dex: 15    Spells: 3 memorised, 4 levels left

rFire  . . .     SeeInvis .     d - +1 whip (elec)
rCold  . . .     Gourm    .     a - +0 robe
rNeg   . . .     Faith    .     (no shield)
rPois  .         Spirit   .     (no helmet)
rElec  .         Dismiss  .     (no cloak)
rCorr  .         Reflect  .     (no gloves)
MR     .....     Harm     .     (no boots)
Stlth  ++........               (no amulet)
                                (no ring)
                                (no ring)

@: no status effects
A: no striking features
a: Receive Corpses, Renounce Religion


You were on level 2 of the Dungeon.
You worshipped Kikubaaqudgha.
Kikubaaqudgha was aware of your devotion.
You were not hungry.

You visited 1 branch of the dungeon, and saw 2 of its levels.

You collected 36 gold pieces.

Inventory:

Hand Weapons
 d - a +1 whip of electrocution (weapon)
Missiles
 h - 2 tomahawks (quivered)
Armour
 a - a +0 robe (worn)
Scrolls
 f - 2 scrolls of immolation {unknown}
 g - a scroll of teleportation {unknown}
 j - a scroll of blinking {unknown}
 l - a scroll of remove curse {unknown}
Potions
 e - a potion of might {unknown}
 k - a potion of berserk rage {unknown}
 m - a potion of haste {unknown}
Books
 b - a book of Conjurations

   Spells                             Type                      Level
   a - Magic Dart                     Conjuration                  1
   b - Searing Ray                    Conjuration                  2
   c - Dazzling Spray                 Conjuration/Hexes            3
   d - Fulminant Prism                Conjuration/Hexes            4
   e - Iskenderun's Mystic Blast      Conjuration                  4
   f - Iskenderun's Battlesphere      Conjuration/Charms           5
 i - Kikubaaqudgha's Volume of Evil
   (Kikubaaqudgha gifted it to you on level 2 of the Dungeon)

   Spells                             Type                      Level
   a - Pain                           Necromancy                   1
   b - Corpse Rot                     Necromancy                   2
   c - Sublimation of Blood           Necromancy                   2
   d - Vampiric Draining              Necromancy                   3
   e - Control Undead                 Necromancy                   4
Comestibles
 c - a bread ration


   Skills:
 - Level 2.4 Dodging
 - Level 2.4 Stealth
 + Level 3.5 Spellcasting
 * Level 5.2 Conjurations
 + Level 0.8 Necromancy


You had 4 spell levels left.
You knew the following spells:

 Your Spells              Type           Power        Failure   Level  Hunger
a - Magic Dart            Conj           ###.         1%          1    None
b - Searing Ray           Conj           ###...       2%          2    ##.....
c - Corpse Rot            Necr           N/A          17%         2    ##.....


Dungeon Overview and Level Annotations

Branches:
Dungeon (2/15)

Altars:
Kikubaaqudgha


Message History

You see here an adder corpse.
You see here a goblin corpse.
A rat comes into view.
Things that are here:
a dagger of venom; a kobold corpse You barely miss the rat.
The rat bites you.
* * * LOW HITPOINT WARNING * * *
You barely miss the rat.
The ball python hisses angrily.
The rat bites you but does no damage.
Casting: Magic Dart
Confirm with . or Enter, or press ? or * to list all spells.
Aiming: Magic Dart
Press: ? - help, Shift-Dir - straight line, f - rat
Aim: a rat The magic dart hits the rat.
The rat is heavily wounded.
The rat bites you.
You die...
Kikubaaqudgha rasps: "You have failed me!
Welcome... death!"

####
###########...####
#.#.#.#.#.#.#.#.....
..........††........
.#.#.#.#.#.#.#.#..###
..S....@).........#
.#.#.#r#.#.#.#.###
.............#
#.#.#.#.#.#.##
...?..........#
#.#.#.#.#.#.#.## .#
................# #.#
.#.#.#.#.#.#.#†####
#.# ...#####.......#
#.#


You could see a ball python and a rat.

Vanquished Creatures
  An adder (D:2)
  3 worms (D:2)
  A giant gecko (D:2)
  A quokka (D:2)
  4 giant newts
  3 goblins
  4 kobolds
  6 rats
23 creatures vanquished.

Notes
Turn   | Place    | Note
-------+----------+-------------------------------------------
     0 | D:1      | PurpleRed the Deep Elf Conjurer began the quest for the Orb.
     0 | D:1      | Reached XP level 1. HP: 10/10 MP: 6/6
   121 | D:2      | Reached XP level 2. HP: 4/15 MP: 0/8
   125 | D:2      | Learned a level 2 spell: Searing Ray
   170 | D:2      | Found a faded altar of an unknown god.
   184 | D:2      | Became a worshipper of Kikubaaqudgha
   184 | D:2      | Reached * piety under Kikubaaqudgha
   184 | D:2      | Identified Kikubaaqudgha's Volume of Evil (Kikubaaqudgha gifted it to you on level 2 of the Dungeon)
   184 | D:2      | Received a gift from Kikubaaqudgha
   199 | D:2      | Reached skill level 5 in Conjurations
   211 | D:2      | Learned a level 2 spell: Corpse Rot
   338 | D:2      | Reached XP level 3. HP: 5/19 MP: 2/10
   348 | D:2      | Slain by a rat

Vault maps used:
D:1:      minmay_arrival_loop, st_stairs_14
D:2:      ecumenical_altar_2, st_stairs_11

Skill      XL: |  1  2 |
---------------+-------+-----
Conjurations   | 5 |  5.2
Dodging        | |  2.4
Stealth        | |  2.4
Spellcasting   | |  3.5
Necromancy     | |  0.8

Action                   || total
-------------------------++-------
Melee: Whip              ||    19
Throw: Tomahawk          ||     3
 Cast: Magic Dart        ||    28
       Searing Ray       ||     2
Armor: Robe              ||     3
Dodge: Dodged            ||     8
